Map: 프리온 단구

Players

llllllllllll (Scarlett) - Winner!

  • Race: Zerg Zerg
  • League: Grandmaster

IIIIIIIIIIII

  • Race: Protoss Protoss
  • League: Grandmaster

VOD

Have the link to the VOD?

Description

Time

  • Played on: April 10, 2016, 10:16 a.m.
  • Length: 8:59
Show
View Real Time Build Order
Export as new Build Order

llllllllllll Zerg - Winner!

Build Orders: Hatch First 

Get SALT Encoding   

  12  0:00  Drone  
  13  0:09  Drone  
  14  0:17  Overlord  
  14  0:25  Extractor, Drone  
  15  0:36  Drone x2  
  17  0:51  Hatchery  
  16  0:58  Drone x2  
  18  1:13  Extractor, Spawning Pool  
  18  1:16  Drone  
  17  1:22  Drone  
  18  1:27  Drone  
  19  1:38  Drone  
  20  1:48  Hatchery  
  20  1:49  Drone  
  20  2:01  Drone  
  21  2:03  Drone  
  22  2:08  Queen  
  22  2:13  Metabolic Boost  
  24  2:16  Drone  
  24  2:21  Drone x2  
  27  2:26  Drone  
  28  2:35  Evolution Chamber  
  27  2:38  Overlord  
  27  2:40  Zergling x2  
  28  2:53  Overlord  
  28  2:56  Queen  
  28  2:57  Zergling x6  
  32  3:07  Spore Crawler  
  32  3:10  Spore Crawler  
  32  3:16  Drone  
  32  3:17  Drone x2  
  32  3:18  Queen  
  37  3:20  Drone x5  
  37  3:26  Zerg Melee Weapons Level 1  
  42  3:28  Overlord  
  42  3:33  Queen  
  44  3:40  Overlord  
  44  3:41  Zergling x6  
  44  3:47  Zergling x6  
  49  3:55  Zergling x8  
  49  3:56  Zergling x2  
  53  4:03  Baneling Nest  
  53  4:08  Zergling x10  
  55  4:16  Queen  
  57  4:28  Overlord x2  
  57  4:29  Zergling x10  
  57  4:30  Lair  
  61  4:39  Zergling x6  
  64  4:52  Zergling x12  
  68  4:53  Zergling x6  
  69  5:05  Zergling x6  
  70  5:13  Zergling x6  
  73  5:16  Baneling  
  73  5:17  Baneling x5  
  73  5:19  Queen x2  
  73  5:20  Extractor  
  73  5:21  Extractor  
  75  5:27  Baneling  
  74  5:29  Zergling x10  
  74  5:30  Zergling x4  
  74  5:46  Drone x8  
  79  6:01  Drone  
  79  6:02  Drone x4  
  81  6:14  Overlord x2  
  81  6:15  Overlord  
  81  6:18  Hydralisk Den  
  80  6:24  Queen  
  80  6:25  Spore Crawler  
  81  6:32  Queen x2  
  84  6:37  Drone x6  
  84  6:38  Drone x9  
  99  6:42  Extractor  
  99  6:43  Spore Crawler  
  99  6:44  Spore Crawler  
  96  7:03  Overlord x2  
  96  7:04  Overlord x3  
  96  7:05  Muscular Augments  
  96  7:10  Drone x5  
  96  7:11  Drone  
  102  7:20  Overlord x2  
  100  7:25  Hydralisk  
  100  7:26  Hydralisk x4  
  110  7:30  Hydralisk  
  110  7:31  Zergling x6  
  115  7:39  Hydralisk x2  
  115  7:40  Zergling x6  
  122  7:50  Hydralisk x2  
  127  7:51  Zergling x4  
  127  7:55  Queen x2  
  127  7:58  Extractor  
  131  7:59  Extractor  
  130  8:08  Hatchery  
  130  8:11  Hydralisk x4  
  130  8:12  Zergling x8  
  125  8:20  Zergling x2, Baneling x5  
  125  8:21  Zergling x4  
  128  8:30  Hydralisk x2  
  128  8:31  Zergling x6  
Show
View Real Time Build Order
Export as new Build Order

IIIIIIIIIIII Protoss 

Build Orders: 1 Gate Expand 

Get SALT Encoding   

  12  0:00  Probe (Chrono Boost)  
  13  0:11  Probe (Chrono Boost)  
  14  0:17  Pylon  
  14  0:22  Probe (Chrono Boost)  
  15  0:36  Probe (Chrono Boost)  
  15  0:41  Gateway  
  16  0:46  Probe (Chrono Boost)  
  16  0:47  Assimilator  
  18  0:57  Probe (Chrono Boost)  
  18  1:07  Probe (Chrono Boost)  
  19  1:19  Nexus  
  20  1:29  Cybernetics Core  
  20  1:31  Probe (Chrono Boost)  
  20  1:42  Probe (Chrono Boost)  
  21  1:50  Pylon  
  21  1:52  Probe (Chrono Boost)  
  22  1:54  Assimilator  
  22  2:03  Probe (Chrono Boost)  
  22  2:07  Warp Gate (Chrono Boost)  
  22  2:08  Adept  
  25  2:14  Probe  
  26  2:28  Probe  
  26  2:29  Probe  
  27  2:35  Adept  
  30  2:39  Probe  
  30  2:40  Probe  
  32  2:48  Gateway  
  32  2:49  Gateway  
  32  2:50  Probe  
  32  2:52  Probe  
  34  3:00  Probe  
  34  3:04  Probe  
  36  3:11  Probe  
  34  3:16  Assimilator, Probe  
  34  3:18  Assimilator  
  36  3:21  Pylon  
  36  3:22  Probe  
  37  3:28  Mothership Core  
  37  3:32  Probe  
  40  3:43  Probe  
  41  3:50  Probe  
  41  3:53  Probe  
  41  3:55  Adept x3  
  47  4:02  Probe  
  45  4:04  Probe  
  42  4:14  Probe (Chrono Boost)  
  42  4:15  Adept x3  
  49  4:18  Probe (Chrono Boost)  
  49  4:21  Pylon  
  50  4:25  Probe (Chrono Boost)  
  50  4:28  Probe (Chrono Boost), Stargate  
  50  4:30  Stargate  
  52  4:35  Pylon, Probe (Chrono Boost)  
  53  4:39  Probe (Chrono Boost)  
  54  4:46  Probe (Chrono Boost)  
  54  4:52  Probe (Chrono Boost)  
  54  4:56  Probe (Chrono Boost)  
  53  5:03  Probe (Chrono Boost)  
  53  5:06  Adept  
  50  5:07  Adept x2, Probe (Chrono Boost)  
  50  5:10  Nexus  
  50  5:12  Pylon  
  53  5:14  Pylon  
  53  5:16  Phoenix x2 (Chrono Boost)  
  53  5:20  Pylon  
  57  5:28  Probe x2  
  58  5:32  Sentry x2  
  62  5:36  Sentry  
  62  5:38  Phoenix x2 (Chrono Boost)  
  60  5:56  Sentry  
  60  5:57  Sentry  
  64  6:04  Phoenix x2 (Chrono Boost)  
  64  6:10  Pylon x2  
  66  6:14  Gateway x2  
  66  6:25  Pylon  
  66  6:26  Phoenix x2 (Chrono Boost)  
  66  6:27  Pylon  
  66  6:29  Pylon  
  70  6:33  Zealot x3  
  73  6:44  Forge  
  73  6:48  Phoenix x2 (Chrono Boost)  
  77  7:05  Zealot  
  77  7:06  Adept x2  
  83  7:09  Phoenix (Chrono Boost)  
  85  7:15  Nexus  
  85  7:17  Pylon  
  85  7:20  Pylon  
  85  7:22  Pylon  
  85  7:26  Pylon  
  85  7:33  Probe  
  85  7:35  Phoenix x2 (Chrono Boost), Probe  
  87  7:52  Adept x5  
  87  7:55  Probe x2  
  87  7:57  Phoenix x2 (Chrono Boost)  
  87  7:58  Assimilator  
  103  8:02  Assimilator  
  97  8:19  Phoenix x2 (Chrono Boost)  
  101  8:21  Adept x3  
  101  8:22  Adept x2  
Tags
 
Add a new tag
Caveats
  • Supply blocks, unpowered buildings, or Contaminate may cause inaccurate times.
  • Supply counts are checked every 10 seconds.